 Dungeon Crawl Stone Soup version 0.29-a0-284-gf9362112df (webtiles) character file.

Game seed: 5919479624877710007

37 cheechan the Insei (level 3, -3/18 HPs)
             Began as a Vine Stalker Transmuter on Mar 16, 2022.
             Slain by Natasha (6 damage)
             ... on level 2 of the Dungeon.
             The game lasted 00:05:15 (1387 turns).

cheechan the Insei (Vine Stalker Transmuter)        Turns: 1387, Time: 00:05:16

Health: -3/18      AC:  2    Str: 18    XL:     3   Next: 41%
Magic:  0/7        EV: 12    Int: 13    God:
Gold:   94         SH:  0    Dex: 16    Spells: 5/6 levels left

rFire   . . .      SeeInvis .     - Unarmed
rCold   . . .      Faith    .   (no shield)
rNeg    . . .      Spirit   +   a - +0 robe
rPois   .          Reflect  .   (no helmet)
rElec   .          Harm     .   (no cloak)
rCorr   .          Rampage  .   (no gloves)
Will    .....                   (no boots)
Stlth   ++........              (no amulet)
HPRegen 0.06/turn               l - +6 ring of strength
MPRegen 0.10/turn               (no ring)

@: slowed, very slow
A: fangs 2, magic shield, antimagic bite, no potion heal 2
a: no special abilities


You were on level 2 of the Dungeon.
You visited 1 branch of the dungeon, and saw 2 of its levels.

You collected 94 gold pieces.

Inventory:

Missiles
 j - 15 stones (quivered)
Armour
 a - a +0 robe (worn)
Jewellery
 l - a +6 ring of strength (left hand)
Scrolls
 b - a scroll of noise
Potions
 g - 2 potions of flight
 k - a potion of brilliance


   Skills:
 + Level 1.0 Fighting
 + Level 2.1 Dodging
 + Level 0.7 Stealth
 + Level 3.3 Unarmed Combat
 + Level 2.4 Spellcasting
 + Level 2.3 Transmutations


You had 5 spell levels left.
You knew the following spells:

 Your Spells              Type           Power      Damage    Failure   Level
a - Beastly Appendage     Tmut           14%        N/A       10%         1

Your spell library contained the following spells:

 Spells                   Type           Power      Damage    Failure   Level
 Wereblood                Tmut           7%         N/A       14%         2
 Spider Form              Tmut/Pois      4%         N/A       41%         3
 Gell's Gravitas          Tloc           1%         N/A       58%         3
 Lesser Beckoning         Tloc           1%         N/A       58%         3
 Teleport Other           Tloc           1%         N/A       58%         3
 Ice Form                 Ice/Tmut       4%         N/A       83%         4


Dungeon Overview and Level Annotations

Branches:
Dungeon (2/15)

Altars:

Annotations:
D:2 Natasha


Innate Abilities, Weirdness & Mutations

You have extremely sharp teeth.
When hurt, damage is shared between your health and your magic reserves.
Your bite disrupts and absorbs the magic of your enemies.
Potions cannot restore your health.


Message History

You kill the rat!
You see here a rat corpse.
Things that are here:
a +0 dagger; a goblin corpse Your horns disappear.
Your talons disappear.
Things that are here:
a +0 dagger; a goblin corpse You see here a rat corpse.
Found 7 gold pieces.
You now have 94 gold pieces (gained 7).
Found a scroll of noise.
You see here a scroll of noise.
b - a scroll of noise Natasha, Servant of Life and Death comes into view.
Found a scroll of fear.
Natasha hisses angrily.
Natasha drinks a potion.
Natasha flickers and vanishes!
Deactivating autopickup; reactivate with Ctrl-A.
Found a stone staircase leading up.
You hear some strange, mumbled words.
You closely miss something.
You hear some strange, mumbled words.
A magic dart appears from out of thin air!
The magic dart hits you.
You hit something. Your bite misses something.
You hear some strange, mumbled words.
You feel yourself slow down.
You barely miss something. Your bite misses something.
Something barely misses you. The shadow imp gestures at you.
Something claws you!
You hit something. Your bite misses something. Something claws you.
You miss something. Your punch misses something. Your bite misses something.
The shadow imp gestures at you. Something claws you!
* * * LOW HITPOINT WARNING * * *
You miss something.
You hear some strange, mumbled words.
Something claws you!
You die...

######### #.......#
##########
#.#####.####
<.?..5{@5# #.#
#.รท... ########.#
#.# ######
#.####.##########
#................
###...........###
#######.##.###.##.#
........##.# #.##.#
#######....# #.##.#
#.##.# #.##.#


You could see 2 shadow imps.

Vanquished Creatures
  An adder (D:2)
  A bat (D:1)
  6 endoplasms
  2 giant cockroaches (D:1)
  7 goblins
  A hobgoblin (D:1)
  2 ball pythons (D:1)
  5 frilled lizards
  A rat (D:2)
26 creatures vanquished.

Vanquished Creatures (others)
  A plant (D:2)
1 creature vanquished.

Grand Total: 27 creatures vanquished

Notes
Turn   | Place    | Note
-------+----------+-------------------------------------------
     0 | D:1      | cheechan the Vine Stalker Transmuter began the quest for
                  | the Orb.
     0 | D:1      | Reached XP level 1. HP: 9/9 MP: 4/4
   177 | D:1      | Reached XP level 2. HP: 5/14 MP: 3/6
   233 | D:1      | Reached skill level 1 in Fighting
   916 | D:2      | Reached XP level 3. HP: 4/18 MP: 3/7
   917 | D:2      | HP: 1/27 [frozen (1)]
  1379 | D:2      | Noticed Natasha
  1387 | D:2      | Slain by Natasha

Illustrated notes

Levels and vault maps discovered:
D:1:      dreamdust_arrival_sigmund_warning, layout_loops_cross
D:2:      layout_loops_ring, basic_altar, chequers_ecumenical_altar_island,
          serial_bayou_pond_d, minmay_crystal_room, uniq_natasha

Skill      XL: |  1  2 |
---------------+-------+-----
Fighting       | 1 |  1.0
Dodging        | 2 |  2.1
Stealth        | |  0.7
Unarmed Combat | |  3.3
Spellcasting   | |  2.4
Transmutations | |  2.3

Action                   || total
-------------------------++-------
Melee: Unarmed           ||    50
       Headbutt          ||     3
       Kick              ||     7
       Bite              ||     6
       Punch             ||     4
Throw: Stone             ||     3
 Cast: Beastly Appendage ||    13
  Use: Scroll            ||     7
       Potion            ||     1
 Stab: Sleeping          ||     1
Armor: Robe              ||     5
       Skin              ||     2
Dodge: Dodged            ||    17

Table legend: (Time is in decaauts)
 A = Elapsed time spent in this place.
 B = Non-inter-level travel time spent in this place.
 C = Inter-level travel time spent in this place.
 D = Time resting spent in this place.
 E = Time spent auto-exploring this place.
 F = Levels seen in this place.
 G = Mean time per level.
                   A        B        C        D        E       F      G
               +--------+--------+--------+--------+--------+-----+--------+
         Total |   1385 |   1385 |      0 |    277 |      0 |   2 |  692.5 |
       Dungeon |   1385 |   1385 |      0 |    277 |      0 |   2 |  692.5 |
               +--------+--------+--------+--------+--------+-----+--------+

Top non-repeatable levels by time:
     D:1: 899 daAuts
     D:2: 485 daAuts
